AoeStats
← 队友打架我劝导

Arabia

510635451Analyzed
1v1 RM · 1d ago on Oct 1, 2026· 45m 52s· 2 players
Game mode
Random Map
Map size
Tiny (2 player)
Population
200
Speed
Normal
Resources
Standard
Victory
Conquest
Starting age
Dark Age
Ending age
Imperial Age
RankedLock teamsTeams togetherTeam positionsShared explorationLock speedFull tech treeHidden civsTurbo modeCheats
Victory
Defeat
1072
+15
🇻🇪 Mongols · Venezuela
1052
-15
Dkhan
5:17 Loom
5:47 Loom
8:53 Feudal Age
9:33 Double-Bit Axe
16:42 Wheelbarrow
18:08 Bloodlines
18:40 Horse Collar
21:56 Fletching
25:45 Castle Age
26:35 Bodkin Arrow
27:00 Bow Saw
28:56 Heavy Plow
30:12 Padded Archer Armor
32:53 Ballistics
35:05 Scale Barding Armor
43:35 Town Watch
43:46 Gold Mining
44:21 Forging
队友打架我劝导
9:16 Feudal Age
12:05 Loom
14:49 Fletching
20:59 Castle Age
22:45 Husbandry
22:55 Bloodlines
22:51 Town Watch
23:41 Wheelbarrow
27:49 Elite Skirmisher
28:27 Bodkin Arrow
28:39 Scale Barding Armor
28:46 Forging
28:51 Double-Bit Axe
32:08 Imperial Age
29:59 Padded Archer Armor
30:30 Chain Barding Armor
33:53 Gold Mining
33:55 Stone Mining
35:44 Bracer
36:20 Plate Barding Armor
36:20 Iron Casting
36:01 Leather Archer Armor
37:15 Ballistics
37:55 Chemistry
37:16 Stirrups
38:17 Gold Shaft Mining
38:19 Light Cavalry
41:08 Blast Furnace
42:17 Thumb Ring
41:46 Elite Konnik
43:17 Scale Mail Armor
Connection lost

Rejoining the realm…

Still unreachable

The connection could not be restored.

Session expired

The server has moved on; the page needs a fresh start.